 Dungeon Crawl Stone Soup version 0.27-a0-860-gaf99fae3ca (webtiles) character file.

Game seed: 8667055715666487266

813 rageheart7 the Covert (level 8, -3/41 HPs)
             Began as a Kobold Enchanter on Apr 1, 2021.
             Was a Follower of Dithmenos.
             Slain by a mummy (17 damage)
             ... in an ossuary.
             The game lasted 00:07:28 (4879 turns).

rageheart7 the Covert (Kobold Enchanter)            Turns: 4879, Time: 00:07:28

Health: -3/41      AC:  3    Str:  7    XL:     8   Next: 15%
Magic:  16/16      EV: 15    Int: 17    God:    Dithmenos [*.....]
Gold:   201        SH:  0    Dex: 15    Spells: 16/17 levels left

rFire    + . .     SeeInvis .   o - +1 dagger (elec)
rCold    . . .     Faith    .   (shield restricted)
rNeg     . . .     Spirit   .   b - +0 robe
rPois    .         Reflect  .   e - +0 helmet
rElec    .         Harm     .   (no cloak)
rCorr    .         Rampage  .   (no gloves)
Will     .....                  (no boots)
Stlth    ++++++....             (no amulet)
HPRegen  0.13/turn              v - ring of protection from fire
MPRegen  0.15/turn              (no ring)

@: very slightly contaminated, wreathed by umbra, invisible
A: small, no large weapons, nightstalker 3
a: Renounce Religion


You were in an ossuary.
You worshipped Dithmenos.
Dithmenos was aware of your devotion.
You visited 2 branches of the dungeon, and saw 6 of its levels.
You also visited: Ossuary.

You collected 201 gold pieces.

Inventory:

Hand Weapons
 f - a +2 long sword of venom
 j - a +0 rapier
 o - a +1 dagger of electrocution (weapon)
Armour
 b - a +0 robe (worn)
 e - a +0 helmet (worn)
 r - a +1 scale mail of fire resistance
Jewellery
 v - a ring of protection from fire (left hand)
Wands
 i - a wand of mindburst (18)
 p - a wand of charming (13)
 q - a wand of random effects (22)
 t - a wand of digging (7)
Scrolls
 a - a scroll of brand weapon
 c - a scroll of teleportation
Potions
 d - a potion of flight
 g - a potion of berserk rage {unknown}
 k - a potion of cancellation {unknown}
 l - a potion of brilliance {unknown}
 m - a potion of attraction {unknown}


   Skills:
 * Level 6.5 Short Blades
 - Level 2.4 Dodging
 * Level 8.1 Stealth
 * Level 5.3 Spellcasting
 - Level 3.0 Hexes


You had 16 spell levels left.
You knew the following spells:

 Your Spells              Type           Power      Damage    Failure   Level
a - Corona                Hex            15%        N/A       4%          1

Your spell library contained the following spells:

 Spells                   Type           Power      Damage    Failure   Level
 Slow                     Hex            14%        N/A       6%          2
 Ensorcelled Hibernation  Hex/Ice        18%        N/A       11%         2
 Confusing Touch          Hex            14%        N/A       12%         3
 Tukima's Dance           Hex            14%        N/A       12%         3
 Magic Dart               Conj           16%        1d3       14%         1
 Blink                    Tloc           N/A        N/A       21%         2
 Call Imp                 Summ           4%         N/A       21%         2
 Dazzling Flash           Conj/Hex       18%        N/A       22%         3
 Conjure Flame            Conj/Fire      4%         6-21      38%         3
 Mephitic Cloud           Conj/Pois/Air  4%         N/A       38%         3


Dungeon Overview and Level Annotations

Branches:
Dungeon (5/15)             Temple (1/1) D:4         Ossuary (1/1)

Altars:
Ashenzari
Cheibriados
Dithmenos
Elyvilon
Fedhas
Gozag
Hepliaklqana
Kikubaaqudgha
Makhleb
Nemelex Xobeh
Okawaru
Qazlal
Ru
Sif Muna
Trog
Uskayaw
Vehumet
Wu Jian
Xom
Yredelemnul
Zin
The Shining One

Shops:
D:1 (   D:3 (


Innate Abilities, Weirdness & Mutations

You are small and have problems with some larger weapons.
You are completely attuned to the shadows.


Message History

You barely miss the mummy.
The mummy is almost destroyed.
You barely miss the mummy.
The mummy is almost destroyed.
The kobold zombie hits you but does no damage.
The mummy hits you!
You hit the mummy but do no damage.
The mummy is almost destroyed.
The mummy hits you!
You are too injured to fight recklessly!
You are too injured to fight recklessly!
You are too injured to fight recklessly!
You are too injured to fight recklessly!
You are too injured to fight recklessly!
You are too injured to fight recklessly!
The kobold zombie misses you.
You fade into invisibility!
You are very lightly contaminated with residual magic.
You hit the gnoll zombie.
Lightning courses through the gnoll zombie!
You destroy the gnoll zombie!
Dithmenos accepts your kill.
You catch the helpless kobold zombie completely off-guard!
You impale the kobold zombie!!
You destroy the kobold zombie!
Dithmenos accepts your kill.
You hit the mummy.
The mummy is lightly damaged.
You hit the mummy but do no damage.
The mummy is lightly damaged.
The mummy closely misses you.
You hit the mummy but do no damage. Lightning courses through the mummy!
The mummy is heavily damaged.
You hit the mummy. Lightning courses through the mummy!
You destroy the mummy!
Dithmenos accepts your kill.
You hit the mummy.
The mummy is severely damaged.
The mummy hits you!
You die...

##....##.
.........
.........
.........
........#
#......##
##....##
#..M.#
#..@.#
#....#
#....#
#....#
#....#
#....#
#.∩∩.#
######


You could see a mummy.

Vanquished Creatures
  Grinder (D:4)
  An ice beast (D:5)
  A hornet zombie (D:5)
  A scorpion (D:5)
  A water moccasin zombie (D:5)
  An orc priest (D:5)
  A bullfrog skeleton (D:5)
  Jessica (D:2)
  Ijyb (D:3)
  An orc wizard (D:5)
  A hound skeleton (D:3)
  3 mummies (Ossuary)
  2 adders
  An adder skeleton (D:4)
  2 worms (D:2)
  2 dart slugs
  17 orcs
  7 ball pythons
  3 bats
  7 endoplasms
  2 gnoll zombies (Ossuary)
  3 goblins
  2 hobgoblins (D:1)
  13 jackals
  3 quokkas
  4 frilled lizards
  3 kobolds
  2 kobold zombies (Ossuary)
  An orc zombie (Ossuary)
  4 rats
92 creatures vanquished.

Notes
Turn   | Place    | Note
-------+----------+-------------------------------------------
     0 | D:1      | rageheart7 the Kobold Enchanter began the quest for the
                  | Orb.
     0 | D:1      | Reached XP level 1. HP: 10/10 MP: 3/3
   176 | D:1      | Found Vaoheul's Antique Weapon Shop.
   199 | D:1      | Reached XP level 2. HP: 15/15 MP: 5/5
   226 | D:1      | Found a faded altar of an unknown god.
  1045 | D:2      | Reached XP level 3. HP: 17/19 MP: 6/6
  1981 | D:2      | Reached XP level 4. HP: 24/24 MP: 8/8
  2044 | D:2      | Noticed Jessica
  2048 | D:2      | Killed Jessica
  2049 | D:2      | Reached skill level 5 in Stealth
  2647 | D:3      | Found a sacrificial altar of Ru.
  2719 | D:3      | Reached XP level 5. HP: 24/28 MP: 9/9
  2914 | D:3      | Found Kidar's Antique Weapon Emporium.
  3078 | D:3      | Noticed Ijyb
  3084 | D:3      | Killed Ijyb
  3266 | D:4      | Found a staircase to the Ecumenical Temple.
  3356 | Temple   | Entered the Ecumenical Temple
  3623 | Temple   | Became a worshipper of Dithmenos the Shadowed
  4189 | D:4      | Noticed Grinder
  4195 | D:4      | Paralysed by Grinder for 6 turns
  4208 | D:4      | Paralysed by Grinder for 4 turns
  4216 | D:4      | Paralysed by Grinder for 6 turns
  4230 | D:4      | Paralysed by Grinder for 5 turns
  4247 | D:4      | Killed Grinder
  4248 | D:4      | Reached skill level 5 in Short Blades
  4248 | D:4      | Reached skill level 6 in Stealth
  4248 | D:4      | Reached XP level 6. HP: 32/32 MP: 10/12
  4248 | D:4      | Reached XP level 7. HP: 36/36 MP: 10/13
  4464 | D:5      | Entered Level 5 of the Dungeon
  4468 | D:5      | Reached skill level 7 in Stealth
  4503 | D:5      | Reached skill level 5 in Spellcasting
  4504 | D:5      | Reached * piety under Dithmenos
  4650 | D:5      | Reached XP level 8. HP: 25/41 MP: 15/15
  4769 | D:5      | Reached skill level 8 in Stealth
  4792 | D:5      | Found a sand-covered staircase.
  4797 | Ossuary  | Entered an ossuary
  4879 | Ossuary  | Slain by a mummy

Illustrated notes

Levels and vault maps discovered:
D:1:      dpeg_arrival_rooms_c, layout_basic, chequers_ecumenical_altar_twisty,
          serial_shops, shop, grunt_decor_fettered, bh_walls_and_bars
D:2:      layout_basic, chequers_mini_garden, uniq_jessica
D:3:      layout_rooms, nicolae_ru_awakened_eye, serial_shops,
          nicolae_shop_waterfront, serial_park_tiny_1,
          minmay_misc_feat_more_columns, uniq_ijyb
D:4:      layout_gridville, minmay_temple_entry_drinking_statues, uniq_grinder
D:5:      layout_loops_ring, enter_ossuary_5, minmay_misc_feat_four_crosses,
          uniq_menkaure
Temple:   kilobyte_greek_temple
Ossuary:  ossuary_tomb_3

Skill      XL: |  1  2  3  4  5  6  7  8 |
---------------+-------------------------+-----
Short Blades   | 2 3 5 6 |  6.5
Stealth        | 5 6 7 8 |  8.1
Spellcasting   | 3 4 5 |  5.3
Dodging        | |  2.4
Hexes          | |  3.0

Action                   |  1- 3 |  4- 6 |  7- 9 || total
-------------------------+-------+-------+-------++-------
Melee: Dagger            |   113 |   165 |    59 ||   337
  Use: Potion            |       |     8 |     1 ||     9
       Scroll            |       |       |     6 ||     6
 Stab: Sleeping          |    15 |    16 |     7 ||    38
       Distracted        |       |     1 |       ||     1
       Invisible         |       |       |     1 ||     1
Armor: Robe              |    20 |    14 |     3 ||    37
       Skin              |       |     5 |       ||     5
Dodge: Dodged            |   119 |   111 |    28 ||   258

Table legend: (Time is in decaauts)
 A = Elapsed time spent in this place.
 B = Non-inter-level travel time spent in this place.
 C = Inter-level travel time spent in this place.
 D = Time resting spent in this place.
 E = Time spent auto-exploring this place.
 F = Levels seen in this place.
 G = Mean time per level.
                   A        B        C        D        E       F      G
               +--------+--------+--------+--------+--------+-----+--------+
         Total |   4811 |   4630 |    181 |      0 |   3810 |   7 |  687.3 |
       Dungeon |   4434 |   4326 |    108 |      0 |   3545 |   5 |  886.8 |
        Temple |    303 |    230 |     73 |      0 |    228 |   1 |  303.0 |
       Ossuary |     72 |     72 |      0 |      0 |     37 |   1 |   72.0 |
               +--------+--------+--------+--------+--------+-----+--------+

Top non-repeatable levels by time:
     D:2: 1592 daAuts
     D:1: 1001 daAuts
     D:4: 885 daAuts
     D:3: 631 daAuts
     D:5: 323 daAuts
  Temple: 303 daAuts
 Ossuary: 72 daAuts
